 Dungeon Crawl Stone Soup version 0.18-a0-1542-g9c1a92e (webtiles) character file.

17 Ratboiler the Scratcher (level 2, 0/11 HPs)
             Began as a Felid Wanderer on Mar 10, 2016.
             Slain by a jackal (2 damage)
             ... on level 1 of the Dungeon.
             The game lasted 00:01:48 (886 turns).

Ratboiler the Scratcher (Felid Wanderer)             Turns: 886, Time: 00:01:49

Health: 0/11       AC:  1    Str:  9    XL:     2   Next: 44%
Magic:  5/5        EV: 16    Int: 12    God:
Gold:   45         SH:  0    Dex: 15    Spells: 1 memorised, 2 levels left
                                        Lives:  0   Deaths: 0

rFire  . . .     SeeInvis +       - Unarmed
rCold  . . .     Gourm    .     (armour unavailable)
rNeg   . . .     Faith    .     (shield unavailable)
rPois  .         Spirit   .     (helmet unavailable)
rElec  .         Dismiss  .     (cloak unavailable)
rCorr  .         Reflect  .     (gloves unavailable)
SustAt .         Harm     .     (boots unavailable)
MR     .....                    (no amulet)
Stlth  +++.......               (no ring)
                                (no ring)

@: drained, quick, not resistant to hostile enchantments, fairly stealthy
A: no armour, no weapons or thrown items, claws 1, fangs 3, see invisible,
carnivore 3, speed 1, shaggy fur 1, slow metabolism 1, sharp paws
a: no special abilities


You were on level 1 of the Dungeon.
You were not hungry.

You visited 1 branch of the dungeon, and saw 1 of its levels.

You collected 45 gold pieces.

Inventory:

Scrolls
 g - a scroll of remove curse {unknown}
Potions
 c - a potion of lignification
 e - a potion of brilliance {unknown}
 f - a potion of haste {unknown}
Books
 a - a book of Frost

   Spells                             Type                      Level
   a - Freeze                         Ice                          1
   b - Throw Frost                    Conjuration/Ice              2
   c - Ozocubu's Armour               Charms/Ice                   3
   d - Throw Icicle                   Conjuration/Ice              4
   e - Summon Ice Beast               Ice/Summoning                4
 b - the Compendium of Clay

   Spells                             Type                      Level
   a - Sandblast                      Earth                        1
   b - Passwall                       Transmutation/Earth          2
Comestibles
 d - a meat ration


   Skills:
 - Level 1.3(1.1) Dodging
 - Level 2.6(2.5) Stealth
 - Level 4.0(3.8) Unarmed Combat
 - Level 1.5(1.3) Spellcasting
 + Level 0.1(0.0) Conjurations
   Level 2.0(1.8) Summonings
 + Level 1.4(1.2) Ice Magic


You had 2 spell levels left.
You knew the following spells:

 Your Spells              Type           Power        Failure   Level  Hunger
a - Throw Frost           Conj/Ice       #.....       38%         2    ###....


Dungeon Overview and Level Annotations

Branches:
Dungeon (1/15)

Altars:


Innate Abilities, Weirdness & Mutations

You cannot wear armour.
You are incapable of wielding weapons or throwing items.
You have sharp claws.
You have razor-sharp teeth.
You have supernaturally acute eyesight.
You are carnivorous and can eat meat at any time.
You cover ground quickly.
You are covered in fur (AC +1).
You have a slow metabolism.
Your sharp claws are effective at attacking unaware monsters.


Message History

The jackal bites you.
You barely miss the jackal. You bite the jackal, but do no damage.
The jackal barely misses you.
The jackal barks!
You scratch the jackal but do no damage.
The jackal bites you. The jackal closely misses you.
You are too injured to fight recklessly!
You are too injured to fight recklessly!
You are too injured to fight recklessly!
You miss the jackal. The jackal misses you.
You scratch the jackal.
You kill the jackal!
You closely miss the jackal. The jackal closely misses you.
The jackal misses you.
You closely miss the jackal. Your claw misses the jackal.
The jackal completely misses you.
You closely miss the jackal. The jackal bites you. x2
* * * LOW HITPOINT WARNING * * *
You closely miss the jackal. The jackal bites you.
You die...

###############
#....h@.......#
#.##.##.#####.#
#.##.##.# #.#
#(##.##.# #.#
#....##.# #.#
#..####.# #.#
#####...# #)#
#.# #.......#
#.# #.#########
#.###...# #.#
#..........


You could see a jackal.

Vanquished Creatures
  2 dart slugs (D:1)
  2 goblins (D:1)
  3 jackals (D:1)
  2 kobolds (D:1)
  A giant newt (D:1)
  2 rats (D:1)
12 creatures vanquished.

Notes
Turn   | Place    | Note
--------------------------------------------------------------
     0 | D:1      | Ratboiler the Felid Wanderer began the quest for the Orb.
     0 | D:1      | Ratboiler set off with: a book of Frost, the Compendium of Clay, a potion of lignification, a meat ration
     0 | D:1      | Reached XP level 1. HP: 7/7 MP: 2/2
     0 | D:1      | Identified the Compendium of Clay
   185 | D:1      | Reached skill level 1 in Spellcasting
   317 | D:1      | Reached XP level 2. HP: 11/11 MP: 3/5
   321 | D:1      | Learned a level 2 spell: Throw Frost
   886 | D:1      | Slain by a jackal

Vault maps used:
D:1:      lightli_arrival_windingriver

Skill      XL: |  1 |
---------------+----+-----
Spellcasting   | 1 |  1.5
Dodging        | |  1.3
Stealth        | |  2.6
Unarmed Combat | |  4.0
Conjurations   | |  0.1
Summonings     | |  2.0
Ice Magic      | |  1.4

Action                   || total
-------------------------++-------
Melee: Unarmed           ||    41
 Cast: Throw Frost       ||     1
 Stab: Sleeping          ||     1
  Eat: Chunk             ||     1
